 Dungeon Crawl Stone Soup version 0.21-a0-257-gbb444f2 (webtiles) character file.

84 Blomdor the Magician (level 4, -3/35 HPs)
             Began as a Barachi Wizard on Sept 5, 2017.
             Slain by Sigmund
             ... wielding a +0 scythe
              (8 damage)
             ... on level 2 of the Dungeon.
             The game lasted 00:03:13 (2438 turns).

Blomdor the Magician (Barachi Wizard)               Turns: 2438, Time: 00:03:14

Health: -3/35      AC:  2    Str:  9    XL:     4   Next: 45%
Magic:  8/8        EV: 12    Int: 18    God:
Gold:   74         SH:  0    Dex: 11    Spells: 2/9 levels left

rFire    + . .     SeeInvis .   f - +1 hand axe (drain)
rCold    + . .     Gourm    .   (no shield)
rNeg     . . .     Faith    .   a - +0 robe
rPois    +         Spirit   .   b - +0 hat
rElec    +         Reflect  .   (no cloak)
rCorr    +         Harm     .   (no gloves)
MR       .....                  (no boots)
Stlth    ++........             (no amulet)
HPRegen  0.11/turn              (no ring)
MPRegen  0.11/turn              (no ring)

@: resistant, can't hop, slow
A: +LOS, swims, slowness 1, strong legs 1
a: Hop


You were on level 2 of the Dungeon.
You were not hungry.

You visited 1 branch of the dungeon, and saw 2 of its levels.

You collected 74 gold pieces.

Inventory:

Hand Weapons
 f - a +1 hand axe of draining (weapon)
 g - a +0 dagger
Armour
 a - a +0 robe (worn)
 b - a +0 hat (worn)
Jewellery
 m - an uncursed ring of fire
Scrolls
 e - a scroll of enchant armour {unknown}
 h - a scroll of identify
Books
 c - a book of Minor Magic

   Spells                             Type                      Level
   a - Magic Dart                     Conjuration                  1
   b - Blink                          Translocation                2
   c - Call Imp                       Summoning                    2
   d - Slow                           Hexes                        2
   e - Conjure Flame                  Conjuration/Fire             3
   f - Mephitic Cloud                 Conjuration/Poison/Air       3
Comestibles
 d - a bread ration
 j - 2 chunks of flesh


   Skills:
 - Level 3.1 Fighting
 * Level 3.0 Axes
 - Level 2.1 Dodging
 - Level 1.7 Stealth
 - Level 3.2 Spellcasting
 - Level 1.1 Conjurations
   Level 1.2 Summonings
   Level 1.1 Translocations


You had 2 spell levels left.
You knew the following spells:

 Your Spells              Type           Power        Failure   Level  Hunger
a - Magic Dart            Conj           #...         10%         1    None
b - Mephitic Cloud        Conj/Pois/Air  #.......     38%         3    ###....
c - Conjure Flame         Conj/Fire      #.......     36%         3    ###....


Dungeon Overview and Level Annotations

Branches:
Dungeon (2/15)

Altars:
Fedhas

Annotations:
D:2 Sigmund


Innate Abilities, Weirdness & Mutations

Shadows flee at your approach. (+LOS)
You can swim through water.
You cover ground slowly.
You can hop short distances.


Message History

Sigmund hits you with a scythe! The adder barely misses you.
You hit Sigmund. You drain Sigmund!
Sigmund is heavily wounded.
You barely miss the adder. The adder bites you.
* * * LOW HITPOINT WARNING * * *
Sigmund casts a spell.
Sigmund flickers and vanishes!
Deactivating autopickup; reactivate with Ctrl-A.
Hop to where?
Press: ? - help, Dir - move target cursor Boing!
The adder misses you. The adder bites you but does no damage.
The adder bites you.
* * * LOW HITPOINT WARNING * * *
The adder bites you.
* * * LOW HITPOINT WARNING * * *
The adder completely misses you.
There is an escape hatch in the ceiling here.
Something hits you!
You die...

#.......##.#.##.#
#.#.#.####.#)##.#######
#..........#..........#
#.####..#####.####.#####.#
#.......# #.####.#
#######.# ###......#####
#.# #............# #.#
#......{####.# #.#
#....@S.####.#.# #.#
#.......#......# ###.#
#.......#>##.### #...#
#.......#.##.# #.###
#............# #.#
##.#.#.##.#.#### #.#
##..............#
#.####............##.#
#.............#...##.#


You could see an adder.

Vanquished Creatures
  An adder (D:2)
  An ooze (D:1)
  3 worms (D:2)
  4 dart slugs
  3 leopard geckos (D:2)
  4 bats
  2 giant cockroaches (D:2)
  10 goblins
  6 hobgoblins
  2 jackals (D:2)
  A ball python (D:1)
  5 frilled lizards
  3 kobolds
  4 rats
49 creatures vanquished.

Notes
Turn   | Place    | Note
-------+----------+-------------------------------------------
     0 | D:1      | Blomdor the Barachi Wizard began the quest for the Orb.
     0 | D:1      | Reached XP level 1. HP: 13/13 MP: 4/4
    26 | D:1      | Reached skill level 1 in Fighting
   223 | D:1      | Reached XP level 2. HP: 22/22 MP: 1/6
   804 | D:1      | Reached XP level 3. HP: 17/29 MP: 7/7
   963 | D:1      | Learned a level 3 spell: Mephitic Cloud
   967 | D:1      | Learned a level 3 spell: Conjure Flame
  1154 | D:1      | Reached skill level 1 in Axes
  1744 | D:2      | Reached XP level 4. HP: 25/35 MP: 6/8
  2234 | D:2      | Found a blossoming altar of Fedhas.
  2423 | D:2      | Noticed Sigmund
  2438 | D:2      | Slain by Sigmund

Vault maps used:
D:1:      lightli_arrival_chessboard
D:2:      lemuel_doored_altar, serial_glass, glass_columns_b, glass_columns_c,
          uniq_sigmund

Skill      XL: |  1  2  3  4 |
---------------+-------------+-----
Fighting       | 2 3 |  3.1
Axes           | 2 3 |  3.0
Dodging        | |  2.1
Stealth        | |  1.7
Spellcasting   | |  3.2
Conjurations   | |  1.1
Summonings     | |  1.2
Translocations | |  1.1

Action                   |  1- 3 |  4- 6 || total
-------------------------+-------+-------++-------
Melee: Unarmed           |    18 |       ||    18
       Dagger            |    58 |       ||    58
       Hand axe          |    61 |    39 ||   100
 Cast: Magic Dart        |    22 |       ||    22
 Abil: Hop               |       |     1 ||     1
  Use: Scroll            |     5 |       ||     5
       Potion            |       |     2 ||     2
 Stab: Sleeping          |     4 |       ||     4
  Eat: Chunk             |     3 |     3 ||     6
Armor: Robe              |    29 |     5 ||    34
Dodge: Dodged            |    79 |    20 ||    99

Table legend:
 A = Spawn XP
 B = Non-spawn XP
 C = Spawn XP percentage of total XP
 D = Spawn monster count
 E = Non-spawn monster count
 F = Spawn count percentage of total count
 G = Total turns spent on level
                    A         B        C        D         E        F      G
               +---------+---------+-------+---------+---------+-------+---------
         Total |       0 |     120 |   0.0 |       0 |      49 |   0.0 |  2438
               +---------+---------+-------+---------+---------+-------+---------
           D:1 |       0 |      51 |   0.0 |       0 |      23 |   0.0 |  1399
           D:2 |       0 |      69 |   0.0 |       0 |      26 |   0.0 |  1039
               +---------+---------+-------+---------+---------+-------+---------
